 Dungeon Crawl Stone Soup version 0.25.1-2-g60ff931df9 (webtiles) character file.

Game seed: 15670674008186908793

2525 Descartes the Covert (level 9, -5/54 HPs)
             Began as an Octopode Warper on Aug 8, 2020.
             Splashed by a jelly's acid (8 damage)
             ... on level 7 of the Dungeon.
             The game lasted 00:16:08 (9214 turns).

Descartes the Covert (Octopode Warper)              Turns: 9214, Time: 00:16:10

Health: -5/54      AC: -15   Str: 12    XL:     9   Next: 54%
Magic:  12/12      EV: 17    Int: 15    God:
Gold:   518        SH: 10    Dex: 13    Spells: 1/12 levels left

rFire    + . .     SeeInvis .   Q - +0 rapier
rCold    . . .     Gourm    .   F - +0 buckler
rNeg     . . .     Faith    .   (helmet restricted)
rPois    .         Spirit   .   j - amulet of reflection
rElec    .         Reflect  +   r - ring of protection from fire
rCorr    .         Harm     .   t - +4 ring of protection
MR       .....                  (no ring)
Stlth    +++++.....             (no ring)
HPRegen  0.18/turn              (no ring)
MPRegen  0.13/turn              (no ring)
                                (no ring)
                                (no ring)

@: corroded
A: almost no armour, stealthy swim, amphibious, 8 rings, constrict 8, camouflage
1, gelatinous body 1
a: no special abilities


You were on level 7 of the Dungeon.
You were hungry.

You visited 2 branches of the dungeon, and saw 8 of its levels.

You collected 518 gold pieces.

Inventory:

Hand Weapons
 a - a +0 short sword
 I - a +0 vampiric hand axe
 Q - a +0 rapier (weapon)
Missiles
 d - 5 boomerangs of dispersal (quivered)
 g - 238 stones
 l - 105 bolts
 n - 29 poisoned darts
 o - a throwing net
 v - 8 boomerangs
 H - 47 arrows
 J - 2 javelins
Armour
 F - a +0 buckler (worn)
Magical Staves
 G - an uncursed staff of earth {unknown}
Jewellery
 j - an amulet of reflection (around mantle)
 r - a ring of protection from fire (left tentacle)
 t - a +4 ring of protection (right tentacle)
 u - an uncursed amulet of the acrobat
 P - an uncursed ring of ice
Wands
 y - a wand of acid (20)
 C - a wand of flame (20)
 K - a wand of paralysis (5)
 N - a wand of clouds (6)
Scrolls
 b - a scroll of remove curse
 c - a scroll of blinking
 h - 3 scrolls of teleportation
 k - a scroll of fear
 m - a scroll of fog {unknown}
 q - a scroll of magic mapping
 x - a scroll of enchant armour {unknown}
 B - a scroll of immolation
 D - a scroll of random uselessness
 L - a scroll of amnesia {unknown}
Potions
 e - 2 potions of heal wounds
 i - 2 potions of stabbing
 p - a potion of lignification
 s - 2 potions of haste
 w - a potion of ambrosia
 z - 3 potions of flight
 A - 2 potions of magic {unknown}
 E - a potion of cancellation {unknown}
 M - a potion of curing {unknown}
Comestibles
 f - 9 rations
 O - 8 chunks of flesh


   Skills:
 - Level 2.0 Fighting
 + Level 6.2 Short Blades
 - Level 1.0 Throwing
 * Level 7.6 Dodging
 - Level 10.0 Stealth
 + Level 3.9 Shields
 - Level 2.0 Spellcasting
 + Level 1.5 Charms
 - Level 3.0 Translocations


You had one spell level left.
You knew the following spells:

 Your Spells              Type           Power        Failure   Level  Hunger
a - Blink                 Tloc           N/A          10%         2    ###....
b - Shroud of Golubria    Chrm/Tloc      #.....       13%         2    ###....
c - Passage of Golubria   Tloc           N/A          54%         4    #####..
d - Teleport Other        Tloc           ##......     19%         3    ###....

Your spell library contained the following spells:

 Spells                   Type           Power        Failure   Level  Hunger
 Gell's Gravitas          Tloc           ##........   19%         3    ###....
 Lesser Beckoning         Tloc           ##........   19%         3    ###....


Dungeon Overview and Level Annotations

Branches:
Dungeon (7/15)             Temple (1/1) D:7

Altars:
Ashenzari
Cheibriados
Dithmenos
Elyvilon
Fedhas
Gozag
Hepliaklqana
Kikubaaqudgha
Makhleb
Nemelex Xobeh
Okawaru
Qazlal
Ru
Sif Muna
Trog
Uskayaw
Vehumet
Wu Jian
Xom
Yredelemnul
Zin
The Shining One


Innate Abilities, Weirdness & Mutations

You cannot wear most types of armour.
You are very stealthy in the water. (Stealth+)
You are amphibious.
You can wear up to eight rings at the same time.
You can use your tentacles to constrict eight enemies at once.
Your skin changes colour to match your surroundings (Stealth+).
Your rubbery body absorbs attacks. (AC +1, EV +1)


Message History

The jelly is almost dead.
The jelly misses you.
You hit the jelly but do no damage. The acid corrodes you!
Your tentacles burn!
You squeeze the jelly, but do no damage.
The jelly is almost dead.
The jelly hits you.
You are splashed with acid!
You hit the jelly but do no damage.
Your tentacles burn!
The jelly is almost dead.
The jelly hits you.
* * * LOW HITPOINT WARNING * * *
The acid corrodes you!
You are splashed with acid!
* * * LOW HITPOINT WARNING * * *
You hit the jelly but do no damage.
Your tentacles burn!
* * * LOW HITPOINT WARNING * * *
You squeeze the jelly, but do no damage.
The jelly is almost dead.
The jelly hits you.
* * * LOW HITPOINT WARNING * * *
The acid corrodes you!
You are splashed with acid!
You die...

*,,,,,**,,,,,,,,,*,,,,,,,,,,,
*...*******,,,********,,,,,,,
*#?#* *,,,* **,*,*,* ***##.######
*,,,*********,,**,*
*,,,.......###*,,,,,,,,,,,,***,*
*,**#^.......,,,,,,,,,,,,,,***,*
##,**#..###.##************,**,,,,
#...##..##...########*,,,,,,,..#*
.....(......5KKJ@...#*..#*,**#.#*
.....#..##...######.##..#*,* #.#*
...ยง,#.####.##****#.##..#*,*
#.#* #..,*#..,.....,,,*#.##..##.#
#.#* ##,,,.......###*,*#.##..##.#
#.#* ***##.######***,*#.##..##.#
#.# #..,,,,,,,,,*#.##..##.###.##
#.#**********#.............. *,*
####..##.###.#.


You could see a big kobold, a jelly, a crimson imp and a kobold.

Vanquished Creatures
  A hippogriff (D:7)
  Duvessa (D:5)
  An orc warrior (D:7)
  An ice beast (D:5)
  2 phantoms
  5 ogres
  A centaur (D:5)
  2 bullfrogs
  Dowan (D:5)
  A scorpion (D:5)
  A howler monkey (D:6)
  3 crimson imps
  A quasit (D:6)
  4 orc priests
  3 hounds
  2 centaur skeletons
  2 bullfrog skeletons
  7 orc wizards
  6 worker ants
  A howler monkey zombie (D:5)
  10 adders
  4 gnolls
  A shadow imp (D:5)
  An adder skeleton (D:4)
  4 worms
  2 dart slugs
  4 leopard geckos
  26 orcs
  A giant cockroach (D:3)
  5 goblins
  5 hobgoblins
  7 jackals (D:4)
  17 kobolds
  3 quokkas
  3 ball pythons
  A ball python skeleton (D:5)
  10 bats
  5 frilled lizards
  A giant cockroach zombie (D:5)
  A jackal skeleton (D:4)
  4 rats
161 creatures vanquished.

Notes
Turn   | Place    | Note
-------+----------+-------------------------------------------
     0 | D:1      | Descartes the Octopode Warper began the quest for the Orb.
     0 | D:1      | Reached XP level 1. HP: 14/14 MP: 3/3
    88 | D:1      | Reached skill level 1 in Stealth
   224 | D:1      | Reached XP level 2. HP: 13/19 MP: 5/5
   233 | D:1      | Reached skill level 2 in Stealth
  1220 | D:2      | Reached XP level 3. HP: 23/24 MP: 6/6
  1258 | D:2      | Reached skill level 3 in Stealth
  2147 | D:3      | Reached XP level 4. HP: 29/29 MP: 7/7
  2202 | D:3      | Reached skill level 4 in Stealth
  2540 | D:3      | Reached XP level 5. HP: 20/34 MP: 8/8
  2550 | D:3      | Reached skill level 5 in Stealth
  3202 | D:2      | Reached XP level 6. HP: 27/39 MP: 9/9
  3480 | D:3      | Reached skill level 6 in Stealth
  4022 | D:4      | Reached skill level 7 in Stealth
  4022 | D:4      | Reached XP level 7. HP: 36/45 MP: 10/10
  4563 | D:4      | Reached skill level 8 in Stealth
  5022 | D:4      | Found a hazy altar of Hepliaklqana.
  5025 | D:4      | Found a blossoming altar of Fedhas.
  5028 | D:4      | Found a glowing golden altar of the Shining One.
  5029 | D:4      | Found a glowing silver altar of Zin.
  5029 | D:4      | Found a bloodstained altar of Trog.
  5029 | D:4      | Found a shadowy altar of Dithmenos.
  5029 | D:4      | Found a sparkling altar of Nemelex Xobeh.
  5031 | D:4      | Found a radiant altar of Vehumet.
  5032 | D:4      | Found a shimmering altar of Xom.
  5034 | D:4      | Found a shimmering blue altar of Sif Muna.
  5138 | D:5      | Entered Level 5 of the Dungeon
  5317 | D:5      | Reached XP level 8. HP: 41/50 MP: 11/11
  5438 | D:5      | Reached skill level 5 in Dodging
  5468 | D:5      | Reached skill level 9 in Stealth
  5468 | D:5      | Reached skill level 1 in Shields
  6097 | D:4      | Reached skill level 5 in Short Blades
  6549 | D:5      | Found a shattered altar of Ashenzari.
  6582 | D:5      | Noticed Duvessa
  6586 | D:5      | Noticed Dowan
  6597 | D:5      | Killed Duvessa
  6610 | D:5      | Killed Dowan
  7320 | D:6      | Reached skill level 10 in Stealth
  7405 | D:6      | Reached XP level 9. HP: 9/54 MP: 12/12
  8162 | D:6      | Learned a level 2 spell: Blink
  8165 | D:6      | Learned a level 2 spell: Shroud of Golubria
  8170 | D:6      | Learned a level 4 spell: Passage of Golubria
  8174 | D:6      | Learned a level 3 spell: Teleport Other
  8474 | D:7      | Found a staircase to the Ecumenical Temple.
  8483 | Temple   | Entered the Ecumenical Temple
  8740 | D:7      | Reached skill level 1 in Charms
  9214 | D:7      | Splashed by a jelly's acid

Illustrated notes

Levels and vault maps discovered:
D:1:      psy_arrival_dodecagon, layout_basic, serial_glass, glass_columns_b,
          glass_columns_a, st_stairs_12, minivault_23, minmay_split_cup_large
D:2:      layout_rooms
D:3:      layout_basic
D:4:      layout_cave_pools, minitemple
D:5:      layout_basic, evilmike_ruin_ashenzari, first_ration, uniq_duvessa
D:6:      layout_basic
D:7:      layout_loops_ring, minmay_temple_entry_fiery
Temple:   minmay_temple_curvy_loop

Skill      XL: |  1  2  3  4  5  6  7  8  9 |
---------------+----------------------------+-----
Stealth        | 1 2 3 4 5 7 8 10 | 10.0
Dodging        | 3 4 6 7 |  7.6
Short Blades   | 3 4 5 6 |  6.2
Shields        | 2 3 |  3.9
Charms         | 1 |  1.5
Fighting       | |  2.0
Throwing       | |  1.0
Spellcasting   | |  2.0
Translocations | |  3.0

Action                   |  1- 3 |  4- 6 |  7- 9 || total
-------------------------+-------+-------+-------++-------
Melee: Short sword       |    94 |   140 |   213 ||   447
       Constrict         |    22 |    27 |    63 ||   112
       Tentacles         |     9 |    27 |    81 ||   117
       Hand axe          |       |       |   111 ||   111
       Rapier            |       |       |    73 ||    73
  Use: Scroll            |       |     4 |     9 ||    13
 Stab: Sleeping          |     8 |     6 |    10 ||    24
       Distracted        |       |     1 |     2 ||     3
  Eat: Chunk             |     4 |     6 |    16 ||    26
Armor: Skin              |    14 |    29 |    49 ||    92
Dodge: Dodged            |    64 |    62 |   223 ||   349
Block: Other             |     2 |    21 |    14 ||    37
       Buckler           |       |       |   114 ||   114
       Reflection        |       |       |     1 ||     1
